 Dungeon Crawl Stone Soup version 0.18-a0-1304-g6d2dd1f (webtiles) character file.

4750 Grap the Severer (level 10, 0/83 HPs)
             Began as a Hill Orc Fighter on Feb 13, 2016.
             Was an Elder of Makhleb.
             Slain by a seven-headed hydra (4 damage)
             ... on level 8 of the Dungeon.
             The game lasted 00:17:23 (7257 turns).

Grap the Severer (Hill Orc Fighter)                 Turns: 7257, Time: 00:17:23

Health: 0/83       AC: 12    Str: 20    XL:     10   Next: 46%
Magic:  10/10      EV:  8    Int:  8    God:    Makhleb [****..]
Gold:   528        SH:  9    Dex: 13    Spells: 0 memorised, 9 levels left

rFire  . . .     SeeInvis .     a - +0 war axe
rCold  . . .     Gourm    .     e - +0 chain mail
rNeg   . . .     Faith    .     c - +0 shield
rPois  .         Spirit   .     q - +1 helmet
rElec  .         Dismiss  .     (no cloak)
rCorr  .         Reflect  .     (no gloves)
SustAt .         Harm     .     (no boots)
MR     +....                    (no amulet)
Stlth  ..........               G - ring of protection from magic
                                j - +3 ring of evasion

@: somewhat resistant to hostile enchantments, extremely unstealthy
A: no striking features
a: Minor Destruction, Lesser Servant of Makhleb, Major Destruction, Renounce
Religion


You were on level 8 of the Dungeon.
You worshipped Makhleb.
Makhleb was greatly pleased with you.
You were not hungry.

You visited 1 branch of the dungeon, and saw 8 of its levels.

You collected 528 gold pieces.

Inventory:

Hand Weapons
 a - a +0 war axe (weapon)
Missiles
 m - 310 stones (quivered)
 B - 16 tomahawks
Armour
 b - a +0 scale mail
 c - a +0 shield (worn)
 e - a +0 chain mail (worn)
 q - a +1 helmet (worn)
 u - a +0 pair of gloves
 D - a +0 plate armour
Jewellery
 j - a +3 ring of evasion (left hand)
 l - an uncursed ring of ice
 v - an uncursed ring of stealth
 A - an uncursed ring of protection from fire
 G - a ring of protection from magic (right hand)
Wands
 s - a wand of iceblast (2/15)
Scrolls
 i - 6 scrolls of identify
 k - 2 scrolls of immolation
 n - 2 scrolls of remove curse
 o - a scroll of amnesia
 p - a scroll of fear
 y - a scroll of torment {unknown}
 H - 2 scrolls of teleportation
 L - a scroll of recharging {unknown}
 N - a scroll of summoning {unknown}
Potions
 d - 4 potions of lignification {unknown}
 t - 2 potions of flight {unknown}
 w - a potion of might
 x - 3 potions of curing
 z - 2 potions of brilliance {unknown}
 E - 2 potions of invisibility {unknown}
 I - a potion of resistance {unknown}
 J - 5 potions of heal wounds {unknown}
 K - a potion of degeneration {unknown}
Books
 C - a book of Spatial Translocations

   Spells                             Type                      Level
   a - Apportation                    Translocation                1
   b - Blink                          Translocation                2
   c - Shroud of Golubria             Charms/Translocation         2
   d - Portal Projectile              Translocation                3
   e - Teleport Other                 Translocation                3
   f - Passage of Golubria            Translocation                4
Comestibles
 f - 4 bread rations
 g - a beef jerky
 h - 4 meat rations
 r - 7 slices of pizza
 F - 20 fruits
 M - 8 chunks of flesh


   Skills:
 + Level 6.3 Fighting
 - Level 16.1 Axes
 * Level 6.5 Armour
 - Level 0.4 Dodging
 - Level 4.3 Shields


You had 9 spell levels left.
You didn't know any spells.

Dungeon Overview and Level Annotations

Branches:
Dungeon (8/15)             Temple (0/1) D:4
   Lair: D:8-11

Altars:
Cheibriados
Dithmenos
Elyvilon
Makhleb
Nemelex Xobeh
Okawaru
Pakellas
Sif Muna
Trog
Yredelemnul
The Shining One

Shops:
D:6 :=:[

Annotations:
D:8 2 runed doors


Message History

The seven-headed hydra bites you.
* * * LOW HITPOINT WARNING * * *
You block the seven-headed hydra's attack.
The seven-headed hydra barely misses you.
The seven-headed hydra bites you but does no damage.
The seven-headed hydra closely misses you.
A seven-headed hydra is nearby!
A seven-headed hydra is nearby!
The seven-headed hydra bites you!
* * * LOW HITPOINT WARNING * * *
The seven-headed hydra bites you!
* * * LOW HITPOINT WARNING * * *
The seven-headed hydra bites you but does no damage. x2
The seven-headed hydra completely misses you.
You block the seven-headed hydra's attack.
The seven-headed hydra bites you.
* * * LOW HITPOINT WARNING * * *
The seven-headed hydra bites you but does no damage.
The seven-headed hydra bites you.
You die...

#.# #...##........
####.######...##########
#............##
#............#
#............#
#............#
#............#
#............#
##########.....@.....#
#.%'.....#....D......#
#).#.....#...K.......#
#+###'''####.#########
#.≈P.(...#...#
#P≈≈.....#.###
#≈≈P..P..#.#
#P≈......#K#
#PP≈%K.≈.#.#


You could see a seven-headed hydra and a big kobold.

Vanquished Creatures
  The ghost of Grap the Fighter, an amateur HOFi (D:3)
  Grinder (D:3)
  Sigmund (D:4)
  2 humans (D:7)
  2 yaks (D:8)
  A hungry ghost (D:7)
  Menkaure (D:4)
  3 ice beasts
  2 orc warriors (D:6)
  2 sky beasts
  A phantom (D:4)
  3 black bears
  An ogre (D:4)
  3 centaurs
  Blork the orc (D:4)
  2 big kobolds (D:8)
  5 giant frogs
  2 scorpions
  A water moccasin skeleton (D:4)
  8 killer bees
  2 crimson imps
  A giant frog zombie (D:7)
  A hound (D:5)
  4 giant frog skeletons
  A gnoll shaman (D:4)
  3 orc priests
  5 orc wizards
  Jessica (D:3)
  Terence (D:3)
  An iguana (D:8)
  Ijyb (D:2)
  4 worker ants
  2 sheep (D:8)
  A killer bee zombie (D:7)
  4 gnolls (D:4)
  3 adders
  A white imp (D:4)
  4 oozes
  2 adder skeletons
  2 worms
  5 giant geckos
  19 orcs
  3 ball pythons (D:1)
  11 bats
  4 giant cockroaches
  17 goblins
  10 hobgoblins
  15 jackals
  8 kobolds
  A quokka (D:4)
  A giant gecko skeleton (D:8)
  2 giant newts
  A goblin skeleton (D:4)
  A goblin zombie (D:4)
  A hobgoblin zombie (D:4)
  2 kobold skeletons (D:4)
  A kobold zombie (D:4)
  2 orc skeletons (D:4)
  2 orc zombies (D:4)
  39 rats
232 creatures vanquished.

Notes
Turn   | Place    | Note
--------------------------------------------------------------
     0 | D:1      | Grap the Hill Orc Fighter began the quest for the Orb.
     0 | D:1      | Reached XP level 1. HP: 19/19 MP: 1/1
    42 | D:1      | Reached XP level 2. HP: 22/27 MP: 2/2
   389 | D:1      | Reached XP level 3. HP: 33/33 MP: 3/3
   539 | D:1      | Reached skill level 4 in Fighting
   831 | D:2      | Reached XP level 4. HP: 40/40 MP: 4/4
   977 | D:2      | Found a burning altar of Makhleb.
   985 | D:2      | Became a worshipper of Makhleb the Destroyer
  1327 | D:2      | Noticed Ijyb
  1330 | D:2      | Reached * piety under Makhleb
  1340 | D:2      | Killed Ijyb
  1340 | D:2      | Reached XP level 5. HP: 26/47 MP: 5/5
  1926 | D:3      | Noticed Jessica
  1929 | D:3      | Killed Jessica
  1975 | D:3      | Noticed Grap's ghost (amateur HOFi)
  1993 | D:3      | Killed Grap's ghost
  1993 | D:3      | Reached skill level 7 in Axes
  1993 | D:3      | Reached XP level 6. HP: 14/53 MP: 6/6
  2047 | D:3      | Noticed Grinder
  2047 | D:3      | Paralysed by Grinder for 4 turns
  2054 | D:3      | Paralysed by Grinder for 3 turns
  2062 | D:3      | Killed Grinder
  2062 | D:3      | Reached skill level 9 in Axes
  2062 | D:3      | Reached XP level 7. HP: 14/60 MP: 7/7
  2400 | D:3      | Found a basalt altar of Yredelemnul.
  2804 | D:3      | Noticed Terence
  2818 | D:3      | Killed Terence
  2932 | D:3      | Reached ** piety under Makhleb
  2977 | D:4      | Found a glowing golden altar of the Shining One.
  3157 | D:4      | Reached skill level 10 in Axes
  3180 | D:4      | Noticed Blork the orc
  3189 | D:4      | Reached XP level 8. HP: 42/67 MP: 8/8
  3194 | D:4      | Killed Blork the orc
  3246 | D:4      | Noticed Menkaure
  3251 | D:4      | Killed Menkaure
  3251 | D:4      | Reached skill level 11 in Axes
  3447 | D:4      | Noticed Sigmund
  3459 | D:4      | Killed Sigmund
  3459 | D:4      | Reached skill level 12 in Axes
  3592 | D:4      | Found a staircase to the Ecumenical Temple.
  3675 | D:4      | Reached *** piety under Makhleb
  3707 | D:4      | Found a sparkling altar of Nemelex Xobeh.
  3922 | D:5      | Entered Level 5 of the Dungeon
  3982 | D:5      | Reached skill level 13 in Axes
  4105 | D:5      | Reached XP level 9. HP: 72/72 MP: 9/9
  4337 | D:5      | Found a sparkling altar of Nemelex Xobeh.
  4556 | D:6      | Reached skill level 14 in Axes
  4577 | D:6      | Found Wereff's Armour Emporium.
  4949 | D:6      | Found Ecall's Weapon Boutique.
  5039 | D:6      | Found Jaggudy's Book Shop.
  5150 | D:6      | Found Retirgh's Jewellery Shop.
  5158 | D:6      | Reached **** piety under Makhleb
  5161 | D:6      | Found Faor's Book Emporium.
  5494 | D:7      | Found an iron altar of Okawaru.
  5519 | D:7      | Reached skill level 15 in Axes
  5558 | D:7      | Found a bloodstained altar of Trog.
  5910 | D:7      | Found a snail-covered altar of Cheibriados.
  6023 | D:7      | Found a bloodstained altar of Trog.
  6207 | D:7      | Reached skill level 16 in Axes
  6207 | D:7      | Reached XP level 10. HP: 56/80 MP: 10/10
  6212 | D:7      | Reached skill level 5 in Fighting
  6415 | D:8      | Found a shadowy altar of Dithmenos.
  6416 | D:8      | Found an oddly glowing altar of Pakellas.
  6416 | D:8      | Found a deep blue altar of Sif Muna.
  6432 | D:8      | Found a white marble altar of Elyvilon.
  6579 | D:8      | Found a runed door.
  6611 | D:8      | Found a runed door.
  6658 | D:8      | Reached skill level 5 in Armour
  7224 | D:8      | Noticed a two-headed hydra
  7254 | D:8      | HP: 4/83 [seven-headed hydra (3)]
  7257 | D:8      | Slain by a seven-headed hydra

Vault maps used:
D:1:      moated_graveyard_arrival, minivault_19
D:2:      kennysheep_goblin_castle, bloody_makhleb, first_bread,
          minmay_rats_cheesy_pizza
D:3:      marbit_many_paths, uniq_terence, uniq_grinder, uniq_jessica
D:4:      nicolae_tso_besieged_by_evil, kennysheep_little_box,
          minmay_temple_entry_junction, uniq_blork_the_orc, uniq_menkaure,
          uniq_sigmund
D:5:      corexii_checkpoint_a, kennysheep_flooded_box, kennysheep_potato
D:6:      serial_shops, shop, shop, shop_statue, nicolae_shop_waterfront,
          nicolae_shop_crystal, corexii_checkpoint_b
D:7:      overflow_temple_1_default, okawaru_humans,
          nicolae_overflow_hidden_temple, trog_ov_bears_minmay
D:8:      lemuel_insect_pit, nicolae_overflow_quartered_altars, hangedman_ranch

Action                   |  1- 3 |  4- 6 |  7- 9 | 10-12 || total
-------------------------+-------+-------+-------+-------++-------
Melee: War axe           |   130 |   186 |   528 |   149 ||   993
Invok: Minor Destruction |       |       |     1 |     1 ||     2
  Use: Potion            |       |     2 |     1 |     1 ||     4
       Scroll            |       |       |     9 |       ||     9
  Eat: Chunk             |       |     5 |    11 |     3 ||    19
       Fruit             |       |       |     9 |       ||     9
